 Dungeon Crawl Stone Soup version 0.20.1-1-g8b1a95d (webtiles) character file.

17304 Gremour the Severer (level 12, 0/81 HPs)
             Began as a Hill Orc Fighter on Nov 9, 2017.
             Was a High Priest of Qazlal.
             Slain by a vampire mosquito (4 damage)
             ... summoned by a worldbinder
             ... on level 1 of the Abyss.
             The game lasted 01:13:44 (13086 turns).

Gremour the Severer (Hill Orc Fighter)             Turns: 13086, Time: 01:13:45

Health: 0/81       AC: 19    Str: 17 (18) XL:     12   Next: 46%
Magic:  12/12      EV:  9    Int:  4 (5)  God:    Qazlal [*****.]
Gold:   664        SH: 14    Dex:  5 (9)  Spells: 14/15 levels left

rFire    . . .     SeeInvis .   a - +1 war axe
rCold    + . .     Gourm    .   c - +0 shield
rNeg     . . .     Faith    .   Q - +0 steam dragon scales
rPois    .         Spirit   .   M - +2 hat {MR+}
rElec    .         Reflect  .   r - +0 cloak
rCorr    .         Harm     .   v - +0 pair of gloves
MR       +....     Rnd*Rage +   L - +2 pair of boots Stlth +.........Rnd*Tele +
                                K - amulet of rage
Regen    0.0/turn               o - ring of wizardry
MPRegen  0.2/turn               u - ring of protection from cold

@: protected from physical damage, non-regenerating, badly diseased, repel
missiles
A: iridescent scales 1, yellow scales 1, [berserk 3], [blurry vision 3], [clumsy
2], [deformed body], deterioration 1[+1], [dopey 2], [frail 3], [low mp 3],
regeneration 1, [screaming 3], [inhibited regeneration], strong 1, [teleportitis
3], [weak 2], [no potion heal 3], [subdued magic 3], [MP-powered wands]
a: Upheaval, Elemental Force, Disaster Area, Renounce Religion, Evoke Berserk
Rage


You were on level 1 of the Abyss.
You worshipped Qazlal.
Qazlal was extremely pleased with you.
You were hungry.

You visited 2 branches of the dungeon, and saw 13 of its levels.
You visited the Abyss 1 time.

You collected 664 gold pieces.

Inventory:

Hand Weapons
 a - a +1 war axe (weapon)
 b - a +1 spear of freezing
 W - a +0 scythe of venom
Armour
 c - a +0 shield (worn)
 k - a +0 scale mail
 r - a +0 cloak (worn)
 v - a +0 pair of gloves (worn)
 E - the +5 robe "Zyuhoh" {-Tele rPois Int+3}
   (You found it on level 8 of the Dungeon)

   It affects your intelligence (+3).
   It protects you from poison.
   It prevents most forms of teleportation.
 L - a +2 pair of boots (worn)
 M - a +2 hat of magic resistance (worn)
 Q - +0 steam dragon scales (worn)
 U - a +0 plate armour
Magical Staves
 x - an uncursed staff of air
Jewellery
 o - a ring of wizardry (left hand)
 p - an uncursed amulet of harm
 s - an uncursed ring of ice {unknown}
 u - a ring of protection from cold (right hand)
 K - an amulet of rage (around neck)
 N - an uncursed ring of teleportation
 O - the ring of Siag {*Slow +Fly rPois SInv}
   (You found it on level 8 of the Dungeon)

   [ring of flight]

   It protects you from poison.
   It lets you see invisible.
   It lets you fly.
   It may slow you when you take damage.
Wands
 d - a wand of disintegration (14/24)
 h - a wand of disintegration (2/24)
 y - a wand of paralysis (8/24)
 B - a wand of random effects (18/48)
 F - a wand of random effects (20/48)
 R - a wand of iceblast (4/15)
Scrolls
 e - 2 scrolls of remove curse
 i - 5 scrolls of identify
 m - 3 scrolls of teleportation
 n - 2 scrolls of enchant weapon
 A - a scroll of amnesia
Potions
 t - a potion of curing
 C - a potion of magic
 D - 2 potions of might
 P - a potion of lignification
 V - a potion of brilliance
Books
 q - a book of Frost

   Spells                             Type                      Level
   a - Freeze                         Ice                          1
   b - Throw Frost                    Conjuration/Ice              2
   c - Ozocubu's Armour               Charms/Ice                   3
   d - Throw Icicle                   Conjuration/Ice              4
   e - Summon Ice Beast               Ice/Summoning                4
 I - a book of Minor Magic

   Spells                             Type                      Level
   a - Magic Dart                     Conjuration                  1
   b - Blink                          Translocation                2
   c - Call Imp                       Summoning                    2
   d - Slow                           Hexes                        2
   e - Conjure Flame                  Conjuration/Fire             3
   f - Mephitic Cloud                 Conjuration/Poison/Air       3
Miscellaneous
 G - a lightning rod (4/4)
Comestibles
 f - 9 bread rations
 g - 3 royal jellies
 j - 7 meat rations
 l - 2 fruits


   Skills:
 - Level 14.0 Fighting
 - Level 16.1 Axes
 * Level 7.4 Armour
 - Level 3.4 Shields
 + Level 2.4 Spellcasting
 + Level 2.5 Ice Magic
 - Level 7.3 Invocations
 + Level 3.3 Evocations


You had 14 spell levels left.
You knew the following spells:

 Your Spells              Type           Power        Failure   Level  Hunger
z - Freeze                Ice            #...         19%         1    ##.....


Dungeon Overview and Level Annotations

Branches:
Dungeon (12/15)            Temple (1/1) D:5            Lair (0/6) D:8
    Orc (0/2) D:9

Altars:
Ashenzari
Cheibriados
Dithmenos
Elyvilon
Fedhas
Gozag
Hepliaklqana
Kikubaaqudgha
Makhleb
Nemelex Xobeh
Okawaru
Qazlal
Ru
Sif Muna
Trog
Uskayaw
Vehumet
Xom
Yredelemnul
Zin
The Shining One

Shops:
D:5 !?(:   D:9 [


Innate Abilities, Weirdness & Mutations

You are partially covered in iridescent scales. (AC +2)
You are partially covered in yellow scales. (AC +2)
Your natural rate of healing is unusually fast.
Your muscles are strong. (Str +2)
[You have an uncontrollable temper.]
[Scrolls take you much longer to read.]
[You are very clumsy. (Dex -4)]
[Armour fits poorly on your strangely shaped body.]
[Your body often deteriorates upon taking damage.]
[You are very dopey. (Int -4)]
[You are extremely frail. (-30% HP)]
[Your magical capacity is extremely low. (-30% MP)]
[You frequently scream uncontrollably at your foes.]
[You do not regenerate when monsters are visible.]
[You are often teleported next to monsters.]
[You are very weak. (Str -4)]
[Potions cannot restore your health.]
[Your spells are much easier to cast, but much less powerful.]
[You expend magic power (3 MP) to strengthen your wands.]


Message History

Your system completely rejects the healing effects of potions.
The vampire mosquito bites you.
* * * LOW HITPOINT WARNING * * *
The vampire mosquito draws strength from your injuries!
The tentacled starspawn is engulfed in freezing vapours.
The tentacled starspawn bites you but does no damage.
The tentacled starspawn engulfs you!
* * * LOW HITPOINT WARNING * * *
Your body deteriorates!
You feel weakened.
You feel protected from physical attacks.
An ufetubus comes into view.
It was a potion of cancellation.
You feel strangely stable.
Your magical effects are unravelling.
You feel magically purged.
Your magical contamination has completely faded away.
Your resistance to elements expires.
The worldbinder hits you but does no damage.
You block the worldbinder's attack. The vampire mosquito bites you.
You die...

# ..###..
.#.....#§.. .
Λ....≈≈≈≈ #..
\..≈≈≈≈♣ #.h
#§≈≈≈≈ ≈≈ ##5#
#≈≈≈# # ≈≈
##..h###§≈≈### ..#
#....w#yy§≈≈#.....
.....wX@x3y≈......
#....§#x**≈≈≈....
##...###5.§≈≈#...#
##.# ##4#≈≈##>##
#.. #...≈≈♣...#
... ##...≈≈#. #.
.# #...≈≈≈.. #
#...#.#§≈≈# #..# #
.#.##.≈≈≈# #...


You could see a tentacled starspawn, 2 wretched stars, a sun demon, an orange
demon, an ancient zyme, a worldbinder, a raiju, 3 vampire mosquitoes, 2
starspawn tentacles and 2 ufetubi.

Vanquished Creatures
  A tentacled starspawn (Abyss:1)
  Snorg (D:11)
  A two-headed ogre (D:12)
  An unseen horror (D:10)
  A troll (D:10)
  Grinder (D:4)
  A slime creature (D:6)
  5 hippogriffs
  A flying skull (Abyss:1)
  3 wyverns
  2 basilisks (D:8)
  10 yaks
  A steam dragon (D:9)
  3 hungry ghosts
  Menkaure (D:6)
  A water moccasin (D:7)
  A black bear (D:6)
  5 sky beasts
  2 ice beasts (D:11)
  2 orc warriors
  A necrophage (D:10)
  6 ogres
  3 centaurs
  2 bullfrogs
  Blork the orc (D:5)
  2 wyvern zombies (D:8)
  2 small abominations (Abyss:1)
  2 scorpions
  The ghost of AdmiralAndromeda the Chopper, a weakling MiFi (D:3)
  7 killer bees
  6 crimson imps
  3 howler monkeys
  2 centaur zombies
  8 jellies
  6 bullfrog skeletons
  A centaur skeleton (D:10)
  Crazy Yiuf (D:4)
  A gnoll shaman (D:4)
  8 hounds
  6 orc priests
  5 iguanas
  2 orc wizards
  13 worker ants
  A killer bee zombie (D:9)
  A hound skeleton (D:10)
  4 gnolls (D:4)
  A howler monkey skeleton (D:5)
  17 adders
  A shadow imp (D:8)
  18 oozes
  2 adder skeletons
  6 worms
  2 dart slugs
  8 leopard geckos
  10 orcs
  A ball python (D:2)
  6 bats
  5 giant cockroaches
  8 goblins
  5 hobgoblins
  10 jackals
  5 quokkas
  4 frilled lizards (D:2)
  11 kobolds
  A leopard gecko skeleton (D:8)
  A leopard gecko zombie (D:7)
  A quokka zombie (D:4)
  7 rats
  2 starspawn tentacles (Abyss:1)
271 creatures vanquished.

Vanquished Creatures (others)
  An adder skeleton (D:4)
  4 fungi (D:6)
  21 starspawn tentacles (Abyss:1)
26 creatures vanquished.

Grand Total: 297 creatures vanquished

Notes
Turn   | Place    | Note
-------+----------+-------------------------------------------
     0 | D:1      | Gremour the Hill Orc Fighter began the quest for the Orb.
     0 | D:1      | Reached XP level 1. HP: 19/19 MP: 1/1
    83 | D:1      | Reached XP level 2. HP: 27/27 MP: 2/2
   173 | D:1      | Reached skill level 3 in Axes
   756 | D:2      | Reached XP level 3. HP: 33/33 MP: 3/3
   800 | D:2      | Reached skill level 4 in Axes
   838 | D:2      | Found a stormy altar of Qazlal.
   847 | D:2      | Became a worshipper of Qazlal Stormbringer
  1078 | D:2      | Reached skill level 5 in Axes
  1078 | D:2      | Reached XP level 4. HP: 38/40 MP: 4/4
  1090 | D:2      | Reached * piety under Qazlal
  1960 | D:3      | Noticed AdmiralAndromeda's ghost (weakling MiFi)
  1973 | D:3      | Killed AdmiralAndromeda's ghost
  1973 | D:3      | Reached skill level 6 in Axes
  1973 | D:3      | Reached XP level 5. HP: 18/46 MP: 5/5
  2333 | D:3      | Reached skill level 7 in Axes
  2578 | D:4      | Reached XP level 6. HP: 46/52 MP: 6/6
  2740 | D:4      | Reached skill level 8 in Axes
  2754 | D:4      | Noticed Grinder
  2767 | D:4      | Paralysed by Grinder for 6 turns
  3210 | D:4      | Paralysed by Grinder for 4 turns
  3225 | D:4      | Paralysed by Grinder for 7 turns
  3232 | D:4      | Killed Grinder
  3232 | D:4      | Reached skill level 9 in Axes
  3232 | D:4      | Reached XP level 7. HP: 9/58 MP: 7/7
  3726 | D:4      | Reached skill level 10 in Axes
  3791 | D:4      | Reached ** piety under Qazlal
  3805 | D:4      | Reached skill level 11 in Axes
  4073 | D:4      | Found a runed door.
  4079 | D:4      | Learned a level 1 spell: Freeze
  4079 | D:4      | Noticed Crazy Yiuf
  4083 | D:4      | Killed Crazy Yiuf
  4141 | D:5      | Entered Level 5 of the Dungeon
  4179 | D:5      | Reached XP level 8. HP: 66/66 MP: 8/8
  4238 | D:5      | Reached skill level 1 in Evocations
  4306 | D:5      | Noticed Blork the orc
  4311 | D:5      | Killed Blork the orc
  4406 | D:5      | Found a staircase to the Ecumenical Temple.
  4419 | D:5      | Found an opulent altar of Gozag.
  4467 | D:5      | Found Itsidiw's Distillery.
  4474 | D:5      | Reached skill level 12 in Axes
  4480 | D:5      | Found Xodop's Antique Weapon Shop.
  4480 | D:5      | Found Hihotwec's Magic Scroll Shop.
  4482 | D:5      | Found Lobuatem's Book Shop.
  4557 | Temple   | Entered the Ecumenical Temple
  4720 | D:5      | Found a shadowy altar of Dithmenos.
  4840 | D:6      | Noticed a slime creature
  4857 | D:6      | Killed a slime creature
  4857 | D:6      | Reached skill level 13 in Axes
  4874 | D:6      | Reached *** piety under Qazlal
  5303 | D:6      | Reached XP level 9. HP: 27/71 MP: 10/10
  5456 | D:6      | Reached skill level 14 in Axes
  5981 | D:6      | Found a deep blue altar of Sif Muna.
  6046 | D:6      | Noticed Menkaure
  6057 | D:6      | Killed Menkaure
  6260 | D:6      | Found a glowing silver altar of Zin.
  6268 | D:6      | Found a radiant altar of Vehumet.
  6479 | D:6      | Reached skill level 15 in Axes
  6722 | D:7      | Found a sacrificial altar of Ru.
  7402 | D:8      | Got an opalescent robe
  7413 | D:8      | Identified the +5 robe "Zyuhoh" {-Tele rPois Int+3} (You found it on level 8 of the Dungeon)
  7479 | D:8      | Reached **** piety under Qazlal
  7886 | D:8      | Reached skill level 5 in Fighting
  7886 | D:8      | Reached XP level 10. HP: 81/81 MP: 11/11
  8160 | D:7      | Reached skill level 16 in Axes
  8450 | D:8      | Found a staircase to the Lair.
  8664 | D:8      | Got a glittering pewter ring
  8666 | D:8      | Identified the ring of Siag {*Slow +Fly rPois SInv} (You found it on level 8 of the Dungeon)
  8676 | D:8      | You fall through a shaft for 2 floors!
  8676 | D:10     | Entered Level 10 of the Dungeon
  8973 | D:8      | Gained mutation: You are partially covered in iridescent scales. (AC +2) [mutagenic meat]
  8974 | D:8      | Gained mutation: [Armour fits poorly on your strangely shaped body.] [mutagenic meat]
  8975 | D:8      | Lost mutation: [Armour fits poorly on your strangely shaped body.] [mutagenic meat]
  8984 | D:9      | Reached skill level 5 in Armour
  9025 | D:9      | Reached skill level 1 in Ice Magic
  9068 | D:9      | Reached XP level 11. HP: 104/104 MP: 11/16
  9350 | D:9      | Found a staircase to the Orcish Mines.
  9689 | D:9      | Found Sinuhe's Armour Boutique.
  9991 | D:10     | Noticed a six-headed hydra
 10701 | D:10     | Reached skill level 1 in Spellcasting
 11212 | D:10     | Killed an unseen horror
 11233 | D:10     | Reached ***** piety under Qazlal
 12307 | D:11     | Gained mutation: You are partially covered in yellow scales. (AC +2) [mutagenic meat]
 12308 | D:11     | Gained mutation: [Your body sometimes deteriorates upon taking damage.] [mutagenic meat]
 12309 | D:11     | Gained mutation: Your muscles are strong. (Str +2) [mutagenic meat]
 12310 | D:11     | Gained mutation: Your natural rate of healing is unusually fast. [mutagenic meat]
 12329 | D:11     | Reached XP level 12. HP: 115/115 MP: 17/17
 12376 | D:11     | Noticed Snorg
 12404 | D:11     | Killed Snorg
 12687 | D:12     | Noticed a two-headed ogre
 12705 | D:12     | Killed a two-headed ogre
 12794 | D:12     | Cast into level 1 of the Abyss (orc priest)
 12836 | Abyss:1  | Noticed a tentacled starspawn
 12850 | Abyss:1  | Killed a tentacled starspawn
 12899 | Abyss:1  | Noticed a tentacled starspawn
 12952 | Abyss:1  | Noticed a tentacled starspawn
 12997 | Abyss:1  | Noticed a sun demon
 13029 | Abyss:1  | Noticed a wretched star
 13057 | Abyss:1  | Noticed a wretched star
 13077 | Abyss:1  | Noticed a tentacled starspawn
 13085 | Abyss:1  | HP: 4/81 [tentacled starspawn (12)]
 13086 | Abyss:1  | Slain by a vampire mosquito

Skill      XL: |  1  2  3  4  5  6  7  8  9 10 11 12 |
---------------+-------------------------------------+-----
Axes           | 3 5 6 7 9 11 13 15 16 | 16.1
Evocations     | 1 2 3 |  3.3
Fighting       | 5 11 13 14 | 14.0
Armour         | 4 5 7 |  7.4
Ice Magic      | 1 2 |  2.5
Invocations    | 7 |  7.3
Spellcasting   | 2 |  2.4
Shields        | |  3.4

Action                   |  1- 3 |  4- 6 |  7- 9 | 10-12 || total
-------------------------+-------+-------+-------+-------++-------
Melee: War axe           |   133 |   129 |   377 |   441 ||  1080
       Spear             |       |       |       |     2 ||     2
 Cast: Freeze            |       |       |       |     1 ||     1
 Abil: Evoke Berserk Rag |       |       |       |     2 ||     2
Evoke: Wand              |       |     4 |     2 |     4 ||    10
  Use: Potion            |       |     7 |     5 |    11 ||    23
       Scroll            |       |     9 |     3 |     7 ||    19
 Stab: Paralysed         |       |       |     1 |       ||     1
  Eat: Chunk             |     1 |     5 |     8 |    20 ||    34
       Fruit             |       |     2 |     2 |     2 ||     6
       Meat ration       |       |       |     1 |     1 ||     2
Armor: Scale mail        |    59 |    46 |    74 |       ||   179
       Robe              |       |       |    14 |    25 ||    39
       Steam dragon scal |       |       |       |   146 ||   146
Dodge: Dodged            |    31 |    25 |    63 |   118 ||   237
       Deflected         |       |       |       |     3 ||     3
Block: Shield            |    71 |    75 |   154 |   358 ||   658
